 Dungeon Crawl Stone Soup version 0.24-a0-769-g368c1644f8 (webtiles) character file.

Game seed: 16744259038938656485, levelgen mode: deterministic

134 Masnef the Cudgeler (level 5, -2/32 HPs)
             Began as a Kobold Fighter on Oct 4, 2019.
             Slain by a sky beast (6 damage)
             ... on level 2 of the Dungeon.
             The game lasted 00:04:11 (1608 turns).

Masnef the Cudgeler (Kobold Fighter)                Turns: 1608, Time: 00:04:11

Health: -2/32      AC:  7    Str: 14    XL:     5   Next: 40%
Magic:  5/5        EV:  8    Int: 10    God:
Gold:   59         SH:  8    Dex: 14    Spells: 4/4 levels left

rFire    . . .     SeeInvis .   a - +0 flail
rCold    . . .     Gourm    .   c - +0 shield
rNeg     . . .     Faith    .   b - +0 scale mail
rPois    .         Spirit   .   (no helmet)
rElec    .         Reflect  .   (no cloak)
rCorr    .         Harm     .   q - +0 pair of gloves
MR       .....                  (no boots)
Stlth    ..........             (no amulet)
HPRegen  0.10/turn              (no ring)
MPRegen  0.09/turn              (no ring)

@: no status effects
A: small, carnivore
a: no special abilities


You were on level 2 of the Dungeon.
You were completely stuffed.

You visited 1 branch of the dungeon, and saw 2 of its levels.

You collected 59 gold pieces.

Inventory:

Hand Weapons
 a - a +0 flail (weapon)
Armour
 b - a +0 scale mail (worn)
 c - a +0 shield (worn)
 q - a +0 pair of gloves (worn)
Jewellery
 g - an uncursed ring of wizardry {unknown}
Scrolls
 d - 2 scrolls of identify {unknown}
 e - 3 scrolls of remove curse {unknown}
 h - a scroll of amnesia {unknown}
 j - 2 scrolls of teleportation {unknown}
 l - a scroll of magic mapping {unknown}
 n - a scroll of fog {unknown}
Potions
 i - a potion of heal wounds
 k - a potion of curing {unknown}
 m - a potion of cancellation {unknown}
 o - a potion of degeneration {unknown}
Comestibles
 f - 6 rations
 p - 3 chunks of flesh


   Skills:
 - Level 3.2 Fighting
 + Level 4.7 Maces & Flails
 - Level 2.4 Armour
 - Level 2.4 Shields


You had 4 spell levels left.
You didn't know any spells.
Your spell library was empty.

Dungeon Overview and Level Annotations

Branches:
Dungeon (2/15)

Altars:


Innate Abilities, Weirdness & Mutations

You are small and have problems with some larger weapons.
You are carnivorous and can eat meat at any time.


Message History

The sky beast hits you but does no damage.
You sock the sky beast!
The sky beast is moderately wounded.
You block the sky beast's attack.
The sky beast hits you but does no damage.
You closely miss the sky beast.
The sky beast is moderately wounded.
The sky beast flickers out of sight!
Deactivating autopickup; reactivate with Ctrl-A.
Something hits you but does no damage.
You hit something. Something hits you. Something shocks you.
You sock something! Something hits you but does no damage.
You block something's attack.
You miss something. Something hits you. Something shocks you.
* * * LOW HITPOINT WARNING * * *
Your shield prevents you from hitting something.
Something hits you.
* * * LOW HITPOINT WARNING * * *
Something shocks you.
You die...

#....$.#
#....
#......#
#....
#......#
##...
###......#
#...
........#
#...
####......#
#...
.%........#
#...
#.#####
#...
#.{@..#
#...
#####.#
####
#.....#
#######
#.#####
#...... #.#
#.#####
#########.#
#.#
#.........#
#.#
#.#########
#.# #.# #.#


There were no monsters in sight!

Vanquished Creatures
  An ogre (D:2)
  An adder (D:2)
  A dart slug (D:1)
  2 leopard geckos (D:2)
  5 bats
  6 giant cockroaches (D:1)
  3 goblins (D:1)
  6 hobgoblins
  5 kobolds
  5 frilled lizards
  7 rats
42 creatures vanquished.

Notes
Turn   | Place    | Note
-------+----------+-------------------------------------------
     0 | D:1      | Masnef the Kobold Fighter began the quest for the Orb.
     0 | D:1      | Reached XP level 1. HP: 14/14 MP: 1/1
    30 | D:1      | Reached skill level 2 in Maces & Flails
   102 | D:1      | Reached XP level 2. HP: 8/19 MP: 2/2
   443 | D:1      | Reached skill level 3 in Maces & Flails
   443 | D:1      | Reached XP level 3. HP: 21/23 MP: 3/3
  1045 | D:2      | Noticed an ogre
  1145 | D:2      | Killed an ogre
  1145 | D:2      | Reached skill level 4 in Maces & Flails
  1145 | D:2      | Reached XP level 4. HP: 28/28 MP: 4/4
  1145 | D:2      | Reached XP level 5. HP: 32/32 MP: 5/5
  1596 | D:2      | Noticed a sky beast
  1608 | D:2      | Slain by a sky beast

Levels and vault maps discovered:
D:1:      minmay_arrival_doors, layout_basic, serial_park_tiny_1,
          minmay_worlds_worst_comb
D:2:      layout_basic, lemuel_doored_altar, first_ration

Skill      XL: |  1  2  3 |
---------------+----------+-----
Maces & Flails | 2 3 4 |  4.7
Fighting       | |  3.2
Armour         | |  2.4
Shields        | |  2.4

Action                   |  1- 3 |  4- 6 || total
-------------------------+-------+-------++-------
Melee: Flail             |   104 |    44 ||   148
  Use: Potion            |     3 |       ||     3
  Eat: Chunk             |     9 |     2 ||    11
Armor: Scale mail        |    59 |    16 ||    75
Dodge: Dodged            |    49 |    11 ||    60
Block: Shield            |    58 |    20 ||    78

Table legend:
 A = Non-vault XP
 B = Vault XP
 C = Vault XP percentage of total XP
 D = Non-vault monster count
 E = Vault monster count
 F = Vault count percentage of total count
                 A         B        C        D         E       F
            +---------+---------+-------+---------+---------+-------
      Total |     186 |       6 |   3.1 |      39 |       3 |   7.1
            +---------+---------+-------+---------+---------+-------
        D:1 |      39 |       6 |  13.3 |      24 |       3 |  11.1
        D:2 |     147 |       0 |   0.0 |      15 |       0 |   0.0
            +---------+---------+-------+---------+---------+-------
